 Dungeon Crawl Stone Soup version 0.24-a0-464-g6b2be6b8c7 (webtiles) character file.

Game seed: 9093810657873390509

97739 Bikalo the Severer (level 15, -32/139 HPs)
             Began as a Minotaur Fighter on July 4, 2019.
             Was a High Priest of Qazlal.
             Annihilated by a very large slime creature (46 damage)
             ... while paralysed by a floating eye
             ... on level 2 of the Pits of Slime.
             The game lasted 01:13:49 (23900 turns).

Bikalo the Severer (Minotaur Fighter)              Turns: 23900, Time: 01:13:49

Health: -32/139    AC: 32    Str: 27    XL:     15   Next: 72%
Magic:  0/20       EV:  2    Int:  5    God:    Qazlal [*****.]
Gold:   2278       SH:  0    Dex: 10    Spells: 14/14 levels left

rFire    . . .     SeeInvis .   Y - +1 broad axe (elec)
rCold    . . .     Gourm    .   b - +2 large shield {reflect}
rNeg     + . .     Faith    .   Z - +12 plate armour "Keusio" {rElec}
rPois    .         Spirit   .   J - +0 hat
rElec    +         Reflect  +   a - +2 cloak
rCorr    +         Harm     +   e - +1 pair of gloves {archery}
MR       +....                  N - +0 pair of boots
Stlth    ..........             l - amulet of harm
HPRegen  0.33/turn              K - ring of resist corrosion
MPRegen  0.17/turn              V - ring of positive energy

@: paralysed, corroded, repel missiles
A: retaliatory headbutt, horns 2, MP-powered wands
a: Upheaval, Elemental Force, Disaster Area, Renounce Religion


You were on level 2 of the Pits of Slime.
You worshipped Qazlal.
Qazlal was extremely pleased with you.
You were very hungry.

You visited 6 branches of the dungeon, and saw 27 of its levels.
You also visited: Gauntlet and Ice Cave.

You collected 2563 gold pieces.
You spent 285 gold pieces at shops.

Inventory:

Hand Weapons
 j - a +0 demon trident
 O - a +4 battleaxe of freezing
 Y - a +1 broad axe of electrocution (weapon)
Armour
 a - a +2 cloak (worn)
 b - a +2 large shield of reflection (worn)
 e - a +1 pair of gloves of archery (worn)
 J - a +0 hat (worn)
 N - a +0 pair of boots (worn)
 U - the +4 skin of Zhor {Hibernate rC+++ SInv}
   (You found it on level 12 of the Dungeon)

   It renders you almost immune to cold.
   It lets you see invisible.
 Z - the +12 plate armour "Keusio" (worn) {rElec}
   (You found it in an ice cave)

   It insulates you from electricity.
Jewellery
 c - a +3 ring of dexterity
 h - an uncursed amulet of the gourmand
 l - an amulet of harm (around neck)
 z - an uncursed ring of protection from cold
 H - an uncursed ring of fire
 K - a ring of resist corrosion (left hand)
 R - an uncursed ring of protection from cold
 T - an uncursed amulet of regeneration
 V - a ring of positive energy (right hand)
 X - an uncursed ring of flight
Wands
 d - a wand of flame (66)
 m - a wand of acid (8)
 y - a wand of iceblast (26)
 I - a wand of digging (7)
 S - a wand of disintegration (58)
Scrolls
 g - 5 scrolls of fog
 p - 6 scrolls of immolation
 q - 7 scrolls of teleportation
 r - 13 scrolls of identify
 s - 6 scrolls of blinking
 t - 2 scrolls of enchant weapon
 u - 10 scrolls of remove curse
 w - 6 scrolls of fear
 x - 4 scrolls of enchant armour
 C - 2 scrolls of magic mapping
 F - a scroll of amnesia
 Q - 3 scrolls of vulnerability
Potions
 i - 8 potions of curing
 n - a potion of magic
 o - 4 potions of might
 v - 2 potions of haste
 A - a potion of resistance
 D - 2 potions of ambrosia
 E - a potion of brilliance
 L - a potion of agility
 P - a potion of berserk rage
Comestibles
 f - 33 rations


   Skills:
 + Level 14.9 Fighting
 + Level 16.7 Axes
 + Level 14.9 Armour
 - Level 5.0 Dodging
 * Level 16.0 Shields
 + Level 9.2 Invocations


You had 14 spell levels left.
You didn't know any spells.
Your spell library contained the following spells:

 Spells                   Type           Power        Failure   Level  Hunger
 Apportation              Tloc           #.....       100%        1    ##.....
 Magic Dart               Conj           #...         100%        1    ##.....
 Pain                     Necr           #...         100%        1    ##.....
 Sandblast                Erth           #.....       100%        1    ##.....
 Sting                    Conj/Pois      #...         100%        1    ##.....
 Passwall                 Tmut/Erth      #.......     100%        2    ###....
 Poisonous Vapours        Pois/Air       #.....       100%        2    ###....
 Searing Ray              Conj           #.....       100%        2    ###....
 Dazzling Spray           Conj/Hex       #.....       100%        3    ####...
 Lesser Beckoning         Tloc           #.........   100%        3    ####...
 Mephitic Cloud           Conj/Pois/Air  #.......     100%        3    ####...
 Stone Arrow              Conj/Erth      #.....       100%        3    ####...
 Vampiric Draining        Necr           #.........   100%        3    ####...
 Force Lance              Conj/Tloc      #.......     100%        4    #####..
 Fulminant Prism          Conj/Hex       #.........   100%        4    #####..
 Iskenderun's Mystic Bla  Conj           #.......     100%        4    #####..
 Olgreb's Toxic Radiance  Pois           #.......     100%        4    #####..
 Petrify                  Tmut/Erth      #.......     100%        4    #####..
 Bolt of Magma            Conj/Fire/Erth #.........   100%        5    ######.
 Borgnjor's Vile Clutch   Necr/Erth      #.........   100%        5    ######.
 Iskenderun's Battlesphe  Conj/Chrm      #.......     100%        5    ######.
 Lee's Rapid Deconstruct  Erth           #.........   100%        5    ######.
 Venom Bolt               Conj/Pois      #.........   100%        5    ######.
 Iron Shot                Conj/Erth      #.........   100%        6    #######
 Malign Gateway           Summ/Tloc      #.........   100%        7    #######
 Orb of Destruction       Conj           #.........   100%        7    #######
 Spellforged Servitor     Conj/Summ      #.........   100%        7    #######


Dungeon Overview and Level Annotations

Branches:
Dungeon (15/15)            Temple (1/1) D:7            Lair (6/6) D:9
 Shoals (0/4) Lair:3       Spider (0/4) Lair:3        Slime (2/5) Lair:5
    Orc (2/2) D:11            Elf (0/3) Orc:2        Vaults (0/5) D:14
 Depths (0/5) D:15           Hell (1/1)
    Dis: Hell:1         Geh: Hell:1         Coc: Hell:1         Tar: Hell:1

Altars:
Ashenzari
Cheibriados
Dithmenos
Elyvilon
Fedhas
Gozag
Hepliaklqana
Kikubaaqudgha
Makhleb
Nemelex Xobeh
Okawaru
Qazlal
Ru
Sif Muna
Trog
Uskayaw
Vehumet
Wu Jian
Xom
Yredelemnul
Zin
The Shining One
Jiyva

Shops:
D:5 *%   D:12 *   Orc:1 [   Orc:2 %*=(

Portals:
Hell: Lair:6
Trove: D:12 (give +8 demon trident)

Annotations:
Slime:2 Dissolution
Hell Geryon


Innate Abilities, Weirdness & Mutations

You reflexively headbutt those who attack you in melee.
You have a pair of horns on your head.
You expend magic power (3 MP) to strengthen your wands.


Message History

The very large slime creature hits you!!
The slime creature hits you but does no damage.
Dissolution gurgles deeply, a call to fellow slimes.
A slime creature comes into view.
The acid blob hits you but does no damage.
The azure jelly hits you but does no damage. x4
The slime creature is engulfed in blazing flames.
You kill the slime creature!
Qazlal accepts your kill.
The very large slime creature hits you but does no damage.
The slime creature hits you but does no damage.
The acid blob completely misses you. Dissolution barely misses you.
Dissolution hits you but does no damage.
The azure jelly hits you but does no damage.
The azure jelly hits you. The azure jelly freezes you!!
* * * LOW HITPOINT WARNING * * *
The azure jelly hits you but does no damage. x2
The floating eye seems to glare at you.
The very large slime creature hits you!!!
You die...

.#. ##.##...##
.J.. #...#.....
.#..###.........
..J.........≈...
...JJ...#.......
................
......GJ○☼......
.....°G@J°......
....#GJJJ..≈....
.....○○G...≈....
....#.<...<.....
... #...........
.# ..#####....#.
#.# #.### #.. ##
##


You could see Dissolution, an acid blob, an azure jelly, a very large slime
creature, 5 slime creatures, a shining eye and 3 floating eyes.

Vanquished Creatures
  An acid blob (Slime:1)
  Gastronok (D:8)
  An azure jelly (Slime:1)
  The ghost of Uhin Nir the Tortoise, a journeyman MiBe of Trog (Lair:5)
  2 orc warlords (Orc:2)
  An entropy weaver (Gauntlet)
  A minotaur (Gauntlet)
  2 dire elephants
  The ghost of firegrace the Cleaver, a journeyman GrBe of Trog (D:12)
  5 hydras
  An ice dragon (Lair:5)
  A vault guard (D:14)
  2 centaur warriors
  A catoblepas (Lair:3)
  2 two-headed ogres
  2 death knights
  4 orc high priests (Orc:2)
  A queen ant (Gauntlet)
  13 death yaks
  A tengu warrior (D:14)
  Sonja (D:13)
  A sun demon (Lair:6)
  A skeletal warrior (D:13)
  An unseen horror (D:15)
  A wizard (Lair:6)
  A phantasmal warrior (D:13)
  A wolf spider zombie (D:14)
  2 necromancers
  3 deep elf magi (D:15)
  4 orc sorcerers
  4 orc knights
  7 ugly things
  2 cyclopes
  5 manticores
  3 elephants (Lair:5)
  2 merfolk sirens (Lair:3)
  Maurice (D:13)
  2 ice statues (IceCv)
  2 rust devils (Lair:6)
  Joseph (D:7)
  A smoke demon (Lair:6)
  3 gargoyles
  6 black mambas
  5 spiny frogs
  8 komodo dragons
  2 rime drakes
  A redback zombie (D:14)
  A freezing wraith (D:12)
  A kobold demonologist (D:15)
  A tengu conjurer (D:14)
  4 jumping spiders
  3 red devils (Lair:6)
  5 trolls
  4 ice devils
  2 merfolk (Lair:3)
  Grinder (D:6)
  7 blink frogs
  3 polar bears
  15 hippogriffs
  20 slime creatures
  An ettin skeleton (Hell)
  A vampire (D:15)
  Sigmund (D:2)
  4 redbacks (Lair:3)
  4 yaks (Lair:6)
  2 wraiths
  3 wyverns
  2 spriggans
  Grum (D:8)
  4 basilisks
  11 vampire mosquitoes
  2 death yak simulacra (Lair:5)
  2 redback simulacra
  A steam dragon (D:14)
  2 wargs (Orc:1)
  Menkaure (D:5)
  4 soldier ants (Gauntlet)
  2 swamp worms (Gauntlet)
  2 acid dragons (D:14)
  5 hell hounds (Lair:6)
  8 porcupines
  14 water moccasins
  3 elephant zombies (Lair:5)
  35 orc warriors
  5 sky beasts
  9 ice beasts
  An ettin simulacrum (Hell)
  An eye of draining (shapeshifter) (D:15)
  2 phantoms
  A black mamba simulacrum (Lair:5)
  3 eyes of draining
  14 ogres
  9 centaurs
  9 crocodiles
  7 wolves
  A komodo dragon zombie (Lair:5)
  Blork the orc (D:4)
  20 bullfrogs
  4 big kobolds
  2 spiny frog simulacra (Lair:5)
  2 scorpions
  A troll zombie (Hell)
  9 killer bees
  5 wights
  5 electric eels
  A torpor snail simulacrum (Lair:5)
  10 crimson imps
  A bullfrog zombie (D:9)
  3 centaur zombies
  8 hounds
  3 quasits
  18 orc priests
  5 centaur skeletons
  A komodo dragon simulacrum (Lair:5)
  30 orc wizards
  5 bullfrog skeletons
  An iron imp (Hell)
  7 jellies
  7 iguanas
  Ijyb (D:4)
  Jessica (D:2)
  10 worker ants
  A killer bee zombie (D:6)
  3 hound zombies
  2 worker ant zombies
  8 adders
  3 shadow imps
  5 oozes
  2 adder skeletons
  2 worms
  3 dart slugs
  6 leopard geckos
  92 orcs
  9 bats
  9 giant cockroaches
  8 goblins
  5 hobgoblins
  5 jackals (D:2)
  30 kobolds
  2 quokkas
  A frilled lizard (D:1)
  A leopard gecko zombie (D:8)
  6 rats
  A bush (Lair:6)
  A butterfly (D:6)
  4 plants (Lair:6)
729 creatures vanquished.

Vanquished Creatures (collateral kills)
  An orc knight (Orc:2)
  3 orc warriors (Orc:2)
  An orc (Orc:2)
5 creatures vanquished.

Vanquished Creatures (others)
  2 rime drakes (Lair:5)
  A fungus (Lair:3)
  8 plants
11 creatures vanquished.

Grand Total: 745 creatures vanquished

Notes
Turn   | Place    | Note
-------+----------+-------------------------------------------
     0 | D:1      | Bikalo the Minotaur Fighter began the quest for the Orb.
     0 | D:1      | Reached XP level 1. HP: 19/19 MP: 0/0
   219 | D:1      | Reached XP level 2. HP: 26/27 MP: 1/1
   516 | D:1      | Reached XP level 3. HP: 32/33 MP: 2/2
   570 | D:2      | Noticed Jessica
   572 | D:2      | Killed Jessica
   653 | D:2      | Reached XP level 4. HP: 40/40 MP: 3/3
   757 | D:2      | Found a shadowy altar of Dithmenos.
   783 | D:2      | Noticed Sigmund
   791 | D:2      | Killed Sigmund
   791 | D:2      | Reached skill level 5 in Axes
   791 | D:2      | Reached XP level 5. HP: 32/47 MP: 4/4
   998 | D:2      | Found a snail-covered altar of Cheibriados.
  1356 | D:3      | Found a faded altar of an unknown god.
  1378 | D:3      | Found an opulent altar of Gozag.
  1396 | D:3      | Found an iron altar of Okawaru.
  1486 | D:3      | Reached XP level 6. HP: 50/55 MP: 5/5
  1647 | D:3      | Found an ornate altar of the Wu Jian Council.
  1812 | D:4      | Reached skill level 5 in Armour
  1858 | D:4      | Reached skill level 5 in Fighting
  1858 | D:4      | Reached skill level 5 in Shields
  1913 | D:4      | Noticed Blork the orc
  1930 | D:4      | Killed Blork the orc
  2204 | D:4      | Reached XP level 7. HP: 53/61 MP: 6/6
  2419 | D:4      | Noticed Ijyb
  2434 | D:4      | Killed Ijyb
  2983 | D:5      | Entered Level 5 of the Dungeon
  3078 | D:5      | Reached XP level 8. HP: 43/70 MP: 7/7
  3118 | D:5      | Found a sparkling altar of Nemelex Xobeh.
  3145 | D:5      | Noticed Menkaure
  3467 | D:5      | Killed Menkaure
  3697 | D:5      | Found Pousar's Food Shop.
  3720 | D:5      | Found Axtos's Assorted Antiques.
  3969 | D:6      | Noticed Grinder
  3970 | D:6      | Paralysed by Grinder for 7 turns
  3981 | D:6      | Killed Grinder
  4224 | D:6      | Reached XP level 9. HP: 78/79 MP: 8/8
  4421 | D:6      | Found a shimmering altar of Xom.
  4525 | D:6      | Found a burning altar of Makhleb.
  4528 | D:6      | Found a hazy altar of Hepliaklqana.
  4528 | D:6      | Found a deep blue altar of Sif Muna.
  5639 | D:7      | Found a staircase to the Ecumenical Temple.
  5736 | Temple   | Entered the Ecumenical Temple
  5930 | D:7      | Found a white marble altar of Elyvilon.
  5980 | D:7      | Found an opulent altar of Gozag.
  6026 | D:7      | Found a basalt altar of Yredelemnul.
  6089 | D:7      | Reached skill level 10 in Axes
  6127 | D:7      | Noticed Joseph
  6139 | D:7      | Killed Joseph
  6528 | D:7      | Found a sacrificial altar of Ru.
  6880 | D:8      | Noticed Grum
  6881 | D:8      | Noticed Gastronok
  7194 | D:8      | Found a stormy altar of Qazlal.
  7222 | D:8      | Became a worshipper of Qazlal Stormbringer
  7316 | D:8      | Killed Gastronok
  7316 | D:8      | Reached XP level 10. HP: 28/91 MP: 9/9
  7440 | D:8      | Killed Grum
  8243 | D:9      | Reached * piety under Qazlal
  8257 | D:9      | Noticed a two-headed ogre
  9035 | D:9      | Killed a two-headed ogre
  9136 | D:9      | Found a staircase to the Lair.
  9298 | D:9      | Reached XP level 11. HP: 73/99 MP: 10/10
  9763 | D:10     | Entered Level 10 of the Dungeon
  9772 | D:10     | Reached skill level 10 in Armour
  9870 | D:10     | Reached skill level 10 in Fighting
  9877 | D:10     | Reached skill level 10 in Shields
 10078 | D:10     | Reached ** piety under Qazlal
 10727 | D:11     | Noticed a purple ugly thing
 10735 | D:11     | Killed a purple ugly thing
 10759 | D:11     | Found a sparkling altar of Nemelex Xobeh.
 10908 | D:11     | Found a white marble altar of Elyvilon.
 11220 | D:11     | Noticed a six-headed hydra
 11232 | D:11     | Killed a ten-headed hydra
 11369 | D:11     | Reached *** piety under Qazlal
 11644 | D:11     | Found a staircase to the Orcish Mines.
 11659 | Orc:1    | Entered Level 1 of the Orcish Mines
 11661 | Orc:1    | Noticed an orc sorcerer
 11921 | D:12     | Found a portal to a secret trove of treasure.
 11933 | D:12     | Found a runed translucent gate.
 11937 | D:12     | Found a runed translucent gate.
 11937 | D:12     | Found a runed translucent gate.
 11940 | D:12     | Noticed firegrace's ghost (journeyman GrBe)
 11941 | D:12     | Found the +4 skin of Zhor {Hibernate rC+++ SInv}
 12052 | D:12     | Gained mutation: You expend magic power (3 MP) to
                  | strengthen your wands. [potion of mutation]
 12052 | D:12     | Gained mutation: You have large cloven feet. [potion of
                  | mutation]
 12052 | D:12     | Gained mutation: Your spells are a little harder to cast,
                  | but a little more powerful. [potion of mutation]
 12536 | D:12     | Noticed a two-headed ogre
 12675 | D:12     | Killed a two-headed ogre
 12816 | D:12     | Reached XP level 12. HP: 110/110 MP: 11/11
 12927 | D:12     | Found a burning altar of Makhleb.
 12981 | D:12     | Found Sunim's General Store.
 13098 | D:12     | Found a glowing silver altar of Zin.
 13290 | D:12     | Reached skill level 1 in Invocations
 13463 | D:14     | Noticed a tengu warrior
 13468 | D:14     | Killed a tengu warrior
 13546 | D:13     | Noticed Sonja
 13599 | D:13     | Noticed Maurice
 13608 | D:13     | Killed Maurice
 13801 | D:13     | Killed Sonja
 14010 | D:12     | Killed firegrace's ghost
 14010 | D:12     | Reached skill level 15 in Axes
 14216 | D:14     | Reached **** piety under Qazlal
 14609 | D:14     | Noticed a vault guard
 14623 | D:14     | Killed a vault guard
 14627 | D:14     | Lost mutation: You have large cloven feet. [potion of
                  | mutation]
 14627 | D:14     | Lost mutation: Your spells are a little harder to cast, but
                  | a little more powerful. [potion of mutation]
 14627 | D:14     | Lost mutation: You expend magic power (3 MP) to strengthen
                  | your wands. [potion of mutation]
 14627 | D:14     | Gained mutation: You occasionally shout uncontrollably at
                  | your foes. [potion of mutation]
 14627 | D:14     | Gained mutation: You sometimes yell uncontrollably at your
                  | foes. [potion of mutation]
 14627 | D:14     | Gained mutation: You are partially covered in iridescent
                  | scales. (AC +2) [potion of mutation]
 14679 | D:14     | Found a gate to the Vaults.
 14830 | D:14     | Noticed a centaur warrior
 14840 | D:14     | Killed a centaur warrior
 14886 | D:15     | Entered Level 15 of the Dungeon
 14892 | D:15     | Reached XP level 13. HP: 111/118 MP: 15/15
 15039 | D:15     | Found a glowing golden altar of the Shining One.
 15067 | D:15     | Noticed a dire elephant
 15072 | D:15     | Killed a dire elephant
 15072 | D:15     | Reached ***** piety under Qazlal
 15180 | D:15     | Reached skill level 5 in Invocations
 15604 | D:15     | Found a staircase to the Depths.
 16491 | Orc:1    | Paralysed by an orc sorcerer for 4 turns
 16498 | Orc:1    | Reached skill level 1 in Dodging
 16567 | Orc:1    | Found Afudwues's Antique Armour Shoppe.
 16587 | Orc:1    | Bought a pair of runed gloves for 285 gold pieces
 16624 | Orc:2    | Entered Level 2 of the Orcish Mines
 16624 | Orc:2    | Found a staircase to the Elven Halls.
 16732 | Orc:2    | Noticed an orc warlord
 16766 | Orc:2    | Killed an orc warlord
 17158 | Orc:2    | Noticed an orc warlord
 17182 | Orc:2    | Killed an orc warlord
 17182 | Orc:2    | Reached XP level 14. HP: 39/129 MP: 12/18
 17642 | Orc:2    | HP: 6/129 [orc high priest/divine providence (12)]
 17647 | Orc:2    | HP: 4/129 [poisoned by an orc high priest]
 17950 | Orc:2    | Found Huul's Food Emporium.
 17950 | Orc:2    | Found Dyliv's Weapon Shop.
 17952 | Orc:2    | Found Asiatouh's Assorted Antiques.
 17952 | Orc:2    | Found Wonoalla's Jewellery Shop.
 18412 | Lair:1   | Entered Level 1 of the Lair of Beasts
 19710 | Lair:3   | Found a hole to the Spider Nest.
 19834 | Lair:3   | Found a staircase to the Shoals.
 21421 | Lair:5   | Reached skill level 5 in Dodging
 21455 | Lair:5   | Found a frozen archway.
 21485 | IceCv    | Entered an ice cave
 21505 | IceCv    | Found a transporter.
 21510 | IceCv    | Got a transparent plate armour
 21597 | IceCv    | Identified the +12 plate armour "Keusio" {rElec} (You found
                  | it in an ice cave)
 21598 | IceCv    | Found a transporter.
 21819 | Lair:5   | Found a gate leading to a gauntlet.
 21837 | Gauntlet | Entered a Gauntlet
 21837 | Gauntlet | Found a transporter.
 21837 | Gauntlet | Found a transporter.
 21843 | Gauntlet | Found a transporter.
 21845 | Gauntlet | Found a transporter.
 21922 | Gauntlet | Found a transporter.
 21922 | Gauntlet | Found a transporter.
 21941 | Gauntlet | Noticed an entropy weaver
 21943 | Gauntlet | Found a transporter.
 21957 | Gauntlet | Killed an entropy weaver
 21975 | Gauntlet | Found a transporter.
 22023 | Gauntlet | Identified the Catalogue of Twisted Displacement
 22101 | Lair:5   | Found a runed translucent door.
 22101 | Lair:5   | Found a viscous altar of Jiyva.
 22103 | Lair:5   | Found a staircase to the Slime Pits.
 22192 | Lair:5   | Noticed Uhin Nir's ghost (journeyman MiBe)
 22219 | Lair:5   | Found a runed translucent gate.
 22219 | Lair:5   | Found a runed translucent gate.
 22219 | Lair:5   | Found a runed translucent gate.
 22234 | Lair:5   | Reached XP level 15. HP: 93/138 MP: 17/20
 22251 | Lair:5   | Killed Uhin Nir's ghost
 22340 | Lair:5   | Lost mutation: You sometimes yell uncontrollably at your
                  | foes. [potion of mutation]
 22340 | Lair:5   | Lost mutation: You are partially covered in iridescent
                  | scales. (AC +2) [potion of mutation]
 22340 | Lair:5   | Lost mutation: You occasionally shout uncontrollably at
                  | your foes. [potion of mutation]
 22340 | Lair:5   | Gained mutation: You are weak. (Str -2) [potion of
                  | mutation]
 22340 | Lair:5   | Gained mutation: You expend magic power (3 MP) to
                  | strengthen your wands. [potion of mutation]
 22340 | Lair:5   | Lost mutation: You are weak. (Str -2) [potion of mutation]
 22428 | Lair:5   | You fall into a shaft and drop 1 floor!
 22428 | Lair:6   | Entered Level 6 of the Lair of Beasts
 22439 | Lair:6   | Reached skill level 15 in Shields
 22832 | Lair:6   | Found a burning altar of Makhleb.
 22880 | Lair:6   | Found a gateway to Hell.
 23041 | Hell     | Entered the Vestibule of Hell
 23041 | Hell     | Noticed Geryon
 23780 | Slime:1  | Entered Level 1 of the Pits of Slime
 23780 | Slime:1  | Noticed an acid blob
 23784 | Slime:1  | Noticed an azure jelly
 23789 | Slime:1  | Killed an acid blob
 23801 | Slime:1  | Killed an azure jelly
 23801 | Slime:1  | Reached ****** piety under Qazlal
 23885 | Slime:2  | Noticed Dissolution
 23885 | Slime:2  | Noticed an acid blob
 23885 | Slime:2  | Noticed an azure jelly
 23897 | Slime:2  | Paralysed by a floating eye for 4 turns
 23900 | Slime:2  | Annihilated by a very large slime creature

Levels and vault maps discovered:
D:1:      dpeg_arrival_three_bigger_balls, layout_basic
D:2:      layout_loops_ring, lemuel_coloured_pillars_altar, serial_glass,
          glass_columns_b, glass_columns_b, dk_noncrumbling_2,
          cheibriados_altar_1, uniq_sigmund, uniq_jessica
D:3:      layout_basic, old_standard_altar, lemuel_round_altar,
          old_standard_altar, chequers_ecumenical_altar_simple_redux
D:4:      layout_basic, serial_bayou_lagoon_b, uniq_ijyb, uniq_blork_the_orc
D:5:      minmay_spotlight, layout_loops_ring, lemuel_round_altar, first_ration,
          serial_shops, shop, nicolae_shop_statue_plus, uniq_menkaure
D:6:      layout_basic, xom_butterflies,
          chequers_temple_overflow_statue_of_worship, minivault_26, uniq_grinder
D:7:      layout_basic, kennysheep_ying_yang, nicolae_ru_sacrificial_ziggurat,
          minmay_temple_entry_sparse_star, serial_curves, eino_curves_04,
          eino_curves_01, eino_curves_02, the_bakery,
          nicolae_gozag_seed_capital, uniq_joseph
D:8:      layout_loops_cross, grunt_qazlal_sundering, minivault_27,
          chequers_serial_rivers_micro_c, uniq_gastronok, uniq_grum
D:9:      layout_gridville, erik_lair_island
D:10:     layout_loops_corners
D:11:     layout_long_grid, david_orc_4, hangedman_feature_mirror
D:12:     layout_stronghold, basic_altar, enter_trove_0, serial_column_ruins,
          column_ruins_temple_hut, column_ruins_hut, column_ruins_grid_3,
          column_ruins_columns_straight, column_ruins_open_tiny,
          column_ruins_open_medium, column_ruins_open_small,
          column_ruins_columns_T, ebering_ghost_rock_garden,
          minmay_shop_grid_forest
D:13:     layout_grid_maze, gammafunk_ghost_spectres, uniq_sonja, uniq_maurice
D:14:     layout_basic, david_vaults_5
D:15:     hangedman_depths_entry_try_elsewhere_first, layout_long_grid,
          tso_altar, billiards_dpeg
Temple:   kb_temple_of_zot
Lair:1:   layout_loops_ring, grunt_megastairs_3
Lair:2:   layout_hall_layers
Lair:3:   layout_roguey, elwin_shoals_entry_stream,
          nicolae_spider_entry_tight_spaces
Lair:4:   wad_woods_04, layout_regular_city, st_stairs_6
Lair:5:   pond_and_an_island_with_a_cottage, layout_misc_corridors,
          slime_altar_2, gammafunk_ghost_icy, gauntlet_entry_generic,
          portal_ice_cave_demonic_guard, minivault_11
Lair:6:   evil_forest, layout_regular_city, minivault_19, lemuel_old_faithful
Slime:1:  layout_caves, basic_altar
Slime:2:  layout_caves, nicolae_slime_barrier, dissolution_awaits,
          uniq_dissolution
Orc:1:    layout_diamond_mine, serial_shops, nicolae_shop_statue_plus,
          basic_altar
Orc:2:    grunt_orc_tribal_feast, layout_caves
Hell

Skill      XL: |  1  2  3  4  5  6  7  8  9 10 11 12 13 14 15 |
---------------+----------------------------------------------+-----
Axes           | 3 5 6 7 9 11 12 14 15 16 | 16.7
Fighting       | 4 5 6 7 9 11 12 13 14 | 14.9
Armour         | 4 5 6 7 9 11 12 13 14 | 14.9
Shields        | 4 5 6 7 9 11 12 13 14 16 | 16.0
Invocations    | 4 6 8 9 |  9.2
Dodging        | 2 5 |  5.0

Action                   |  1- 3 |  4- 6 |  7- 9 | 10-12 | 13-15 || total
-------------------------+-------+-------+-------+-------+-------++-------
Melee: War axe           |    76 |    94 |   337 |    40 |       ||   547
       Headbutt          |    17 |    18 |    61 |   109 |   239 ||   444
       Battleaxe         |       |       |       |   522 |    77 ||   599
       Broad axe         |       |       |       |       |   931 ||   931
Invok: Upheaval          |       |       |       |     1 |    11 ||    12
       Elemental Force   |       |       |       |       |     5 ||     5
       Disaster Area     |       |       |       |       |     1 ||     1
  Use: Potion            |       |     3 |     2 |    11 |     5 ||    21
       Scroll            |       |       |     2 |    11 |    11 ||    24
 Stab: Petrified         |       |       |       |       |     3 ||     3
  Eat: Chunk             |       |     3 |     9 |    20 |    25 ||    57
       Ration            |       |       |     2 |     2 |     1 ||     5
Armor: Scale mail        |    39 |    36 |     3 |       |       ||    78
       Ring mail         |       |       |    26 |       |       ||    26
       Plate armour      |       |       |    69 |   318 |   175 ||   562
       Animal skin       |       |       |       |    39 |   117 ||   156
Dodge: Dodged            |    18 |    34 |    84 |   269 |   214 ||   619
       Deflected         |       |       |       |     3 |     5 ||     8
Block: Shield            |    34 |    51 |   173 |    21 |   194 ||   473
       Other             |       |       |       |    62 |    15 ||    77
       Large shield      |       |       |       |       |   739 ||   739
       Reflection        |       |       |       |       |    11 ||    11

Table legend:
 A = Non-vault XP
 B = Vault XP
 C = Vault XP percentage of total XP
 D = Non-vault monster count
 E = Vault monster count
 F = Vault count percentage of total count
                 A         B        C        D         E       F
            +---------+---------+-------+---------+---------+-------
      Total |   87805 |   51823 |  37.1 |     551 |     179 |  24.5
            +---------+---------+-------+---------+---------+-------
        D:1 |      42 |       0 |   0.0 |      22 |       0 |   0.0
        D:2 |      50 |     257 |  83.7 |      18 |       2 |  10.0
        D:3 |      76 |       0 |   0.0 |      21 |       0 |   0.0
        D:4 |     743 |     129 |  14.8 |      27 |       2 |   6.9
        D:5 |     503 |     627 |  55.5 |      16 |       7 |  30.4
        D:6 |     635 |     295 |  31.7 |      13 |       1 |   7.1
        D:7 |     837 |     656 |  43.9 |      16 |       2 |  11.1
        D:8 |     380 |    3167 |  89.3 |      14 |       9 |  39.1
        D:9 |    2647 |     384 |  12.7 |      29 |       4 |  12.1
       D:10 |    2533 |       0 |   0.0 |      35 |       0 |   0.0
       D:11 |    2781 |    1280 |  31.5 |      22 |      17 |  43.6
       D:12 |    4640 |    1142 |  19.8 |      29 |       1 |   3.3
       D:13 |    3645 |    1282 |  26.0 |      20 |       2 |   9.1
       D:14 |    8540 |    2003 |  19.0 |      36 |       6 |  14.3
       D:15 |   11547 |    4747 |  29.1 |      36 |       7 |  16.3
     Lair:1 |    1842 |     429 |  18.9 |      10 |       3 |  23.1
     Lair:2 |    1080 |       0 |   0.0 |       8 |       0 |   0.0
     Lair:3 |    2065 |    2912 |  58.5 |       6 |      10 |  62.5
     Lair:4 |    2982 |     612 |  17.0 |      10 |       3 |  23.1
     Lair:5 |    8459 |    6357 |  42.9 |      28 |      23 |  45.1
     Lair:6 |   14861 |   10771 |  42.0 |      34 |      28 |  45.2
    Slime:1 |    6354 |       0 |   0.0 |       8 |       0 |   0.0
    Slime:2 |     785 |       0 |   0.0 |       4 |       0 |   0.0
      Orc:1 |    1295 |       0 |   0.0 |      15 |       0 |   0.0
      Orc:2 |    8056 |    7140 |  47.0 |      71 |      30 |  29.7
       Hell |     427 |      40 |   8.6 |       3 |       1 |  25.0
      IceCv |       0 |    2635 | 100.0 |       0 |      10 | 100.0
   Gauntlet |       0 |    4958 | 100.0 |       0 |      11 | 100.0
            +---------+---------+-------+---------+---------+-------
